 Dungeon Crawl Stone Soup version 0.29.1-1-gd02db6906a (webtiles) character file.

Game seed: 780809981547823928

41053 croobank the Spry (level 13, -2/69 HPs)
             Began as a Felid Summoner on Sept 17, 2022.
             Was an Initiate of Gozag.
             Slain by an anaconda simulacrum (4 damage)
             ... on level 1 of the Elven Halls on Sept 18, 2022.
             The game lasted 05:05:26 (42754 turns).

croobank the Spry (Felid Summoner)                 Turns: 42754, Time: 05:05:27

Health: -2/69      AC:  3    Str:  8    XL:     13   Next: 77%
Magic:  3/28       EV: 29    Int: 37    God:    Gozag
Gold:   214        SH:  0    Dex: 18    Spells: 2/32 levels left
                                        Lives:  0   Deaths: 4

rFire   + . .      SeeInvis +   (weapon unavailable)
rCold   + + .      Faith    .   (shield unavailable)
rNeg    . . .      Spirit   .   (body armour unavailable)
rPois   .          Reflect  .   (helmet unavailable)
rElec   +          Harm     .   (cloak unavailable)
rCorr   .          Rampage  .   (gloves unavailable)
Will    +....                   (boots unavailable)
Stlth   ++++......              (no amulet)
HPRegen 0.21/turn               q - ring "Jakuped" {rF+ Str+5 Int+6}
MPRegen 0.21/turn               m - ring of Laxza {rElec Int+6}

@: constricted, quick
A: very small, claws 1, fangs 3, see invisible, speed 1, shaggy fur 3, stealthy
paws, no weapons or thrown items, no armour, multi-lived, thin skeletal
structure 1, clever 1, cold resistance 1, sense surroundings 1, evolution 1,
noise suppression
a: Renounce Religion, Potion Petition, Call Merchant, Bribe Branch


You were on level 1 of the Elven Halls.
You worshipped Gozag.
Gozag was aware of your devotion.
You visited 8 branches of the dungeon, and saw 27 of its levels.

You collected 6945 gold pieces.
You spent 4201 gold pieces at shops.
You paid 2530 gold pieces to Gozag.

Inventory:

Jewellery
 a - a ring of ice
 h - a ring of fire
 m - the ring of Laxza (right paw) {rElec Int+6}
   (You bought it in a shop on level 2 of the Dungeon)

   [ring of intelligence]

   Int:       It affects your intelligence (+6).
   rElec:     It insulates you from electricity.
 n - a ring of willpower
 p - a +4 ring of protection
 q - the ring "Jakuped" (left paw) {rF+ Str+5 Int+6}
   (You bought it in a shop on level 2 of the Dungeon)

   [ring of intelligence]

   Str:       It affects your strength (+5).
   Int:       It affects your intelligence (+6).
   rF:        It protects you from fire.
 y - a ring of protection from fire
 B - the ring of the Mage {Wiz Archmagi}
   (You bought it in a shop on level 2 of the Orcish Mines)

   [ring of wizardry]

   It improves your spell success rate.
   Archmagi:  It increases the power of your magical spells.
Wands
 b - a wand of roots (8)
 d - a wand of paralysis (10)
 o - a wand of polymorph (9)
 u - a wand of flame (7)
 D - a wand of digging (2)
Scrolls
 f - a scroll of poison
 j - 3 scrolls of butterflies
 k - 2 scrolls of torment
 l - a scroll of teleportation
 s - 9 scrolls of identify
 t - a scroll of silence
 x - a scroll of immolation
 z - 2 scrolls of amnesia
 C - 2 scrolls of fear
Potions
 e - a potion of might
 g - 9 potions of flight
 i - 3 potions of brilliance
 r - a potion of cancellation
 v - 4 potions of attraction
Miscellaneous
 c - a condenser vane (inert)
 E - a phial of floods (inert)


   Skills:
 - Level 15.0 Fighting
 - Level 19.0 Dodging
 - Level 3.9 Stealth
 - Level 10.0 Spellcasting
 + Level 9.8 Hexes
 - Level 10.0 Summonings
 - Level 5.0 Translocations
 + Level 7.7 Transmutations
 - Level 7.0 Air Magic


You had 2 spell levels left.
You knew the following spells:

 Your Spells              Type           Power      Damage    Failure   Level
a - Summon Small Mammal   Summ           100%       N/A       1%          1
b - Call Imp              Summ           75%        N/A       1%          2
c - Call Canine Familiar  Summ           75%        N/A       1%          3
d - Summon Guardian Gole  Hex/Summ       75%        N/A       1%          3
e - Summon Lightning Spi  Summ/Air       69%        N/A       1%          4
f - Passage of Golubria   Tloc           53%        N/A       2%          4
g - Airstrike             Air            31%        2d(5-21)  1%          4
h - Swiftness             Air            63%        N/A       1%          3
i - Yara's Violent Unrav  Hex/Tmut       35%        3d14      1%          5
j - Apportation           Tloc           100%       N/A       1%          1

Your spell library contained the following spells:

 Spells                   Type           Power      Damage    Failure   Level
 Beastly Appendage        Tmut           100%       N/A       1%          1
 Slow                     Hex            100%       N/A       1%          1
 Passwall                 Tmut/Erth      39%        N/A       1%          2
 Wereblood                Tmut           66%        N/A       1%          2
 Confusing Touch          Hex            74%        N/A       1%          3
 Spider Form              Tmut/Pois      47%        N/A       1%          3
 Silence                  Hex/Air        34%        N/A       1%          5
 Ignite Poison            Fire/Tmut/Pois 37%        N/A       2%          3
 Conjure Flame            Conj/Fire      18%        6-21      6%          3
 Vampiric Draining        Necr           18%        2d7       6%          3
 Alistair's Intoxication  Tmut/Pois      31%        N/A       12%         5
 Lightning Bolt           Conj/Air       22%        1d37      14%         5
 Hailstorm                Conj/Ice       18%        3d6       22%         4
 Sticky Flame             Conj/Fire      18%        2d4       22%         4
 Borgnjor's Vile Clutch   Necr/Erth      9%         N/A       52%         5
 Fireball                 Conj/Fire      9%         3d6       52%         5
 Eringya's Noxious Bog    Tmut/Pois      23%        N/A       56%         6
 Starburst                Conj/Fire      9%         6d5       97%         6
 Ignition                 Fire           9%         3d5       100%        8
 Lehudib's Crystal Spear  Conj/Erth      9%         10d4      100%        8
 Necromutation            Tmut/Necr      23%        N/A       100%        8


Dungeon Overview and Level Annotations

Branches:
Dungeon (13/15)            Temple (1/1) D:4            Lair (5/5) D:11
 Shoals (1/4) Lair:3       Spider (2/4) Lair:3        Slime (1/5) Lair:4
    Orc (2/2) D:9             Elf (2/3) Orc:2
 Vaults: D:13-14

Altars:
Ashenzari
Cheibriados
Dithmenos
Elyvilon
Fedhas
Gozag
Hepliaklqana
Kikubaaqudgha
Makhleb
Nemelex Xobeh
Okawaru
Qazlal
Ru
Sif Muna
Trog
Uskayaw
Vehumet
Wu Jian
Xom
Yredelemnul
Zin
The Shining One
Jiyva

Shops:
D:2 =   D:5 ?   Orc:1 ?:   Orc:2 :=(=*[   Elf:2 [   Lair:3 *

Annotations:
D:9 2 transporters, Vadun's ghost, journeyman MiFi


Innate Abilities, Weirdness & Mutations

You have sharp claws.
You have razor-sharp teeth.
You have supernaturally acute eyesight. (SInv)
You cover ground quickly. (Speed+)
Your thick and shaggy fur keeps you warm. (AC +3, rC+)
Your paws help you pounce on unaware monsters.
You are incapable of wielding weapons or throwing items.
You cannot wear armour.
You gain extra lives every three experience levels.
You have a somewhat thin skeletal structure. (Dex +2, Stealth+)
Your mind is acute. (Int +4, Str/Dex -1)
Your flesh is cold resistant. (rC+)
You passively map a small area around you.
You have hidden genetic potential.
You passively dampen the noise of your surroundings.


Message History

The air twists around and strikes the alligator simulacrum!!
The alligator simulacrum vaporises!
The anaconda simulacrum closely misses you.
The anaconda simulacrum bites you! The anaconda simulacrum freezes you!
You resist.
Casting: Airstrike (dangerous; 1% risk of failure)
Confirm with . or Enter, or press ? or * to list all spells.
An electric hum fills the air.
The anaconda simulacrum closely misses you.
The anaconda simulacrum completely misses you.
You scratch the anaconda simulacrum.
The anaconda simulacrum is lightly damaged.
The anaconda simulacrum grabs you. The anaconda simulacrum bites you!
The anaconda simulacrum freezes you! You resist.
The anaconda simulacrum constricts you. The anaconda simulacrum bites you!
The anaconda simulacrum freezes you. You resist.
* * * LOW HITPOINT WARNING * * *
The anaconda simulacrum constricts you.
* * * LOW HITPOINT WARNING * * *
Okay, then.
Okay, then.
Aiming: Polymorph
Press: ? - help, Shift-Dir - straight line, f - anaconda simulacrum
Aim: an anaconda simulacrum (lightly damaged, constricting you, ally target, not susceptible)
Okay, then.
Aiming: Throw Flame
Press: ? - help, Shift-Dir - straight line, f - anaconda simulacrum
Aim: an anaconda simulacrum (lightly damaged, constricting you, ally target, 64% to hit)
The puff of flame hits the anaconda simulacrum!
The anaconda simulacrum melts!
The anaconda simulacrum is moderately damaged.
The anaconda simulacrum misses you. The anaconda simulacrum constricts you.
* * * LOW HITPOINT WARNING * * *
Your lightning spire shoots out a bolt of lightning at the anaconda simulacrum!
The bolt of electricity hits the anaconda simulacrum!
The anaconda simulacrum bites you!
* * * LOW HITPOINT WARNING * * *
The anaconda simulacrum freezes you. You resist.
You die...
Your body crumbles into a pile of gold.

..### #.# #.#.# #...#### ###.#
#.# *#.#.# ##.. , #.#
#.##...#.# .# , ###.###
#.##.###.# #'## ..#...# #.##.#
#.# #...#. ..###.# #.##.###.#
*#...... ..###.# #........#
##.$.....
...##.####.......####....$...,
,
................@Z..ZZ.$.....
,
...#..####..)...8####........,
..#...## ##...#.## ##.......
##.....## ###.### #.....#
#.......## #.# *#...##
.........# #.# #'## #.......##
#.#* .# ##.....## .#. * * #
##...## #*# *


You could see an anaconda simulacrum (ally target), a dire elephant simulacrum,
a deep troll simulacrum and a friendly lightning spire (summoned).

Vanquished Creatures
  Erolcha (D:12)
  A boulder beetle (D:11)
  A dancing weapon (Orc:2)
  Sonja (D:13)
  2 deep elf knights (Elf:1)
  A spriggan simulacrum (Elf:1)
  4 deep elf zephyrmancers
  7 deep elf pyromancers
  A cyclops (D:12)
  A komodo dragon (Lair:5)
  5 blink frogs
  2 slime creatures (D:12)
  2 air elementals (Elf:1)
  2 jumping spiders
  A shadow (D:12)
  A wyvern (D:10)
  A culicivora (Spider:1)
  A vampire (D:10)
  A fire elemental (Elf:1)
  A basilisk (Lair:5)
  5 redbacks
  A hell hound (D:13)
  An alligator simulacrum (Elf:1)
  3 wolves (Lair:5)
  A kobold brigand (D:9)
  A bullfrog (D:9)
  An earth elemental (Elf:1)
  An orc priest (D:13)
  5 hell rats (Lair:5)
  2 orcs
  2 bats
  An endoplasm (D:4)
  2 giant cockroaches
  A hobgoblin (D:1)
  A jackal (D:3)
  A ball python (D:2)
  2 kobolds
68 creatures vanquished.

Vanquished Creatures (collateral kills)
  Saint Roka (Orc:2)
  An orc warlord (Orc:2)
  A ghost moth (Spider:1)
  A deep elf annihilator (Elf:1)
  Azrael (D:13)
  A boulder beetle (Lair:5)
  A hydra (D:13)
  4 death yaks (Lair:5)
  A two-headed ogre (D:12)
  3 catoblepae (Lair:5)
  Urug (Orc:2)
  A steelbarb worm (Lair:3)
  2 lindwurms (Lair:5)
  7 deep elf pyromancers
  4 manticores
  2 orc knights (Orc:2)
  2 orc sorcerers (Orc:2)
  An oklob plant (Lair:1)
  3 wolf spiders
  A cyclops (D:13)
  4 ugly things
  3 fauns (Lair:3)
  2 moths of wrath
  4 elephants (Lair:5)
  Maurice (D:9)
  2 merfolk sirens
  A demonic crawler (Lair:3)
  Psyche (D:8)
  A gargoyle (D:12)
  2 rime drakes (Lair:5)
  3 unseen horrors
  5 komodo dragons
  6 cane toads
  A troll (D:12)
  3 ice devils (D:11)
  A merfolk (Shoals:1)
  A tarantella (Spider:1)
  4 slime creatures
  6 dream sheep (Lair:5)
  11 blink frogs
  3 jumping spiders
  6 culicivoras
  11 yaks
  3 fire elementals
  3 wraiths
  2 wyverns
  Eustachio (D:4)
  3 steam dragons
  8 redbacks
  An acid dragon (Lair:5)
  8 water moccasins
  2 hell hounds (D:13)
  A sky beast (D:6)
  16 orc warriors
  8 wolves
  3 centaurs
  A kobold brigand (D:10)
  9 bullfrogs
  A necrophage (D:7)
  A scorpion (D:11)
  8 killer bees
  An electric eel (Lair:5)
  4 howler monkeys
  3 hounds
  A centaur zombie (D:4)
  A human zombie (D:4)
  4 jellies (D:7)
  A gnoll bouda (D:9)
  9 orc priests
  4 iguanas
  13 orc wizards
  2 hell rats (Lair:5)
  2 hound zombies (D:4)
  8 gnolls
  7 adders
  2 shadow imps (D:7)
  4 ufetubi (D:11)
  An adder zombie (D:4)
  2 worms
  3 dart slugs
  36 orcs
  5 ball pythons
  7 bats
  5 endoplasms
  4 giant cockroaches
  6 goblins
  9 hobgoblins
  6 jackals
  14 kobolds
  3 quokkas
  3 frilled lizards
  7 rats
377 creatures vanquished.

Vanquished Creatures (others)
  Jorgrun (D:12)
  A dire elephant (Lair:5)
  Fannar (D:10)
  4 hydras
  2 boulder beetles
  2 two-headed ogres
  4 death yaks
  An orc high priest (Orc:2)
  A sea snake (Shoals:1)
  A spriggan simulacrum (Elf:1)
  3 lindwurms (Lair:5)
  A faun (Lair:3)
  A manticore (Lair:5)
  2 elephants (Lair:5)
  An ice statue (D:11)
  A black mamba (Lair:4)
  A torpor snail (Spider:1)
  4 cane toads
  A gargoyle (D:10)
  Maggie (D:8)
  A komodo dragon (Lair:2)
  2 rime drakes
  An ice devil (D:11)
  A merfolk (Shoals:1)
  2 trolls
  A hornet (Lair:1)
  A slime creature (D:11)
  3 blink frogs
  A culicivora (Spider:1)
  A jumping spider (Spider:1)
  An air elemental (Elf:1)
  2 wyverns
  4 basilisks
  A culicivora (shapeshifter) (D:12)
  10 yaks
  4 redbacks (Spider:1)
  2 wargs (Orc:2)
  An acid dragon (D:11)
  3 swamp drakes
  2 ice beasts (D:7)
  8 ogres
  A black bear (D:8)
  8 orc warriors
  6 wolves
  3 centaurs
  A scorpion (D:5)
  A gnoll sergeant (D:6)
  16 wights
  11 killer bees
  3 orc priests
  Crazy Yiuf (D:7)
  An iguana (Lair:5)
  2 scorpion zombies (D:4)
  10 orc wizards
  A hell rat (Lair:5)
  A hound zombie (D:4)
  A mummy (D:4)
  An adder (D:5)
  8 gnolls
  4 ufetubi (D:11)
  16 orcs
  A giant cockroach (D:4)
  A demonic plant (D:3)
  50 fungi
  69 plants
303 creatures vanquished.

Grand Total: 748 creatures vanquished

Notes
Turn   | Place    | Note
-------+----------+-------------------------------------------
     0 | D:1      | croobank the Felid Summoner began the quest for the Orb.
     0 | D:1      | Reached XP level 1. HP: 7/7 MP: 4/4
   181 | D:1      | Reached skill level 3 in Dodging
   181 | D:1      | Reached XP level 2. HP: 11/11 MP: 3/6
   184 | D:1      | Learned a level 2 spell: Call Imp
  1070 | D:2      | Reached XP level 3. HP: 14/14 MP: 3/7
  1074 | D:2      | Learned a level 3 spell: Call Canine Familiar
  1615 | D:2      | Reached XP level 4. HP: 18/18 MP: 4/8
  2361 | D:2      | Found Noik's One-of-a-Kind Rings.
  2416 | D:2      | Bought a +1 ring of strength for 22 gold pieces
  2802 | D:3      | Found an ancient bone altar of Kikubaaqudgha.
  2803 | D:3      | Found a stormy altar of Qazlal.
  3111 | D:3      | Reached skill level 4 in Dodging
  3253 | D:3      | Found a faded altar of an unknown god.
  3260 | D:3      | Reached skill level 1 in Fighting
  3445 | D:4      | Noticed a water moccasin
  3460 | D:4      | Killed a water moccasin
  3461 | D:4      | Reached skill level 5 in Summonings
  3461 | D:4      | Reached XP level 5. HP: 15/22 MP: 2/10
  3589 | D:4      | Noticed Eustachio
  3595 | D:4      | Learned a level 3 spell: Summon Guardian Golem
  3887 | D:4      | Noticed an ogre
  3933 | D:4      | Killed an ogre
  3934 | D:4      | Gained mutation: You are covered in thick fur. (AC +2)
                  | [Felid growth]
  3934 | D:4      | Reached XP level 6. HP: 26/26 MP: 0/12
  4098 | D:4      | Reached skill level 5 in Dodging
  4161 | D:4      | Found a staircase to the Ecumenical Temple.
  4182 | Temple   | Entered the Ecumenical Temple
  4310 | D:4      | Killed by an exploding themself... ignited by their inner
                  | flame
  4311 | D:4      | Reached XP level 5. HP: -6/23 MP: 6/11
  4311 | D:4      | Reached XP level 6. HP: 27/27 MP: 12/12
  4596 | D:4      | Found a basalt altar of Yredelemnul.
  4699 | D:4      | Killed Eustachio
  4700 | D:4      | Reached skill level 6 in Dodging
  4700 | D:4      | Reached XP level 7. HP: 30/31 MP: 6/14
  4931 | D:5      | Entered Level 5 of the Dungeon
  5689 | D:5      | Reached skill level 7 in Dodging
  5689 | D:5      | Reached XP level 8. HP: 36/36 MP: 7/16
  6030 | D:5      | Found Luen's Magic Scroll Boutique.
  6034 | D:5      | Bought a scroll of fear for 44 gold pieces
  6325 | D:6      | Reached skill level 5 in Spellcasting
  6631 | D:6      | Reached skill level 5 in Fighting
  7001 | D:7      | Reached skill level 8 in Dodging
  7398 | D:7      | Found a runed translucent door.
  7399 | D:7      | Noticed Crazy Yiuf
  7614 | D:7      | Reached XP level 9. HP: 37/40 MP: 13/18
  8098 | D:7      | Reached skill level 1 in Hexes
  8541 | D:7      | Reached skill level 9 in Dodging
  8949 | D:8      | Noticed Maggie
  8963 | D:8      | Killed Maggie
  8980 | D:8      | Reached skill level 5 in Hexes
  9254 | D:8      | Noticed a two-headed ogre
  9280 | D:8      | Killed a two-headed ogre
  9281 | D:8      | Reached XP level 10. HP: 46/46 MP: 10/21
  9601 | D:8      | Noticed Psyche
  9624 | D:8      | Killed Psyche
  9850 | D:9      | Found a white marble altar of Elyvilon.
  9850 | D:9      | You fall into a shaft and drop 2 floors!
  9893 | D:11     | Noticed a purple ugly thing
  9908 | D:11     | Killed a purple ugly thing
  9909 | D:11     | Reached skill level 10 in Dodging
 10044 | D:11     | Noticed a boulder beetle
 10064 | D:11     | Killed a boulder beetle
 10202 | D:11     | Noticed an ice statue
 10310 | D:10     | Entered Level 10 of the Dungeon
 10701 | D:9      | Killed from afar by an orc priest
 10702 | D:9      | Reached XP level 9. HP: -9/43 MP: 13/21
 10965 | D:8      | Learned a level 4 spell: Summon Lightning Spire
 11260 | D:9      | Reached skill level 11 in Dodging
 11394 | D:9      | Found a transporter.
 11401 | D:9      | Noticed Vadun's ghost (journeyman MiFi)
 11401 | D:9      | Noticed a troll
 11406 | D:9      | Noticed a gargoyle
 11411 | D:9      | Noticed a cyclops
 11808 | D:9      | Noticed Maurice
 11818 | D:9      | Reached XP level 10. HP: 48/48 MP: 15/22
 11834 | D:9      | Killed Maurice
 11921 | D:9      | Found a staircase to the Orcish Mines.
 11950 | D:9      | Identified the +3 animal skin of Qinler {rElec rPois Str+3
                  | Dex+3 Slay+2}
 12160 | D:9      | Found a transporter.
 12271 | D:10     | Noticed a gargoyle
 12286 | D:10     | Killed a gargoyle
 12574 | D:10     | Noticed Fannar
 12664 | D:10     | Found a snail-covered altar of Cheibriados.
 12664 | D:10     | Found an opulent altar of Gozag.
 12671 | D:10     | Found a shimmering altar of Xom.
 12674 | D:10     | Became a worshipper of Gozag Ym Sagoz the Greedy
 12677 | D:10     | Found a blossoming altar of Fedhas.
 12679 | D:10     | Found a burning altar of Makhleb.
 13273 | D:11     | Noticed a boulder beetle
 13298 | D:11     | Killed a boulder beetle
 13765 | D:11     | Found a staircase to the Lair.
 14126 | D:12     | Noticed a two-headed ogre
 14132 | D:12     | Killed a two-headed ogre
 14257 | D:12     | Noticed Jorgrun
 14310 | Lair:1   | Entered Level 1 of the Lair of Beasts
 14358 | Lair:1   | Reached skill level 12 in Dodging
 14358 | Lair:1   | Reached XP level 11. HP: 52/52 MP: 18/24
 14377 | Lair:1   | Reached skill level 10 in Summonings
 14377 | Lair:1   | Reached skill level 1 in Air Magic
 14990 | Lair:1   | Noticed an oklob plant
 15003 | Lair:1   | Killed an oklob plant
 15479 | D:2      | Bought the ring "Jakuped" {rF+ Str+5 Int+6} for 665 gold
                  | pieces
 15865 | Lair:1   | Identified the +2 ring mail of Privacy {*Slow rElec Will++
                  | Int+4}
 16871 | Lair:2   | Reached skill level 13 in Dodging
 17450 | Lair:3   | Noticed a six-headed hydra
 17459 | Lair:3   | Killed a six-headed hydra
 17522 | Lair:3   | Identified the +7 longbow "Peohuligi" {freeze, Contam rCorr
                  | Str+8 Int-3}
 17753 | Lair:3   | Gained mutation: Your thick and shaggy fur keeps you warm.
                  | (AC +3, rC+) [Felid growth]
 17753 | Lair:3   | Reached XP level 12. HP: 58/58 MP: 15/26
 17755 | Lair:3   | Reached skill level 10 in Fighting
 17843 | Lair:3   | Found a staircase to the Shoals.
 18156 | Lair:3   | You fall into a shaft and drop 2 floors!
 18156 | Lair:5   | Entered Level 5 of the Lair of Beasts
 18156 | Lair:5   | Noticed a catoblepas
 18203 | Lair:5   | Noticed a death yak
 18203 | Lair:5   | Noticed a death yak
 18203 | Lair:5   | Noticed a death yak
 18204 | Lair:5   | Noticed a death yak
 18549 | Lair:3   | Found a hole to the Spider Nest.
 18941 | Lair:4   | Identified the +6 scimitar of the Hall of Blades {spect,
                  | Str+5}
 19308 | Lair:4   | Noticed an eight-headed hydra
 19316 | Lair:4   | Killed an eight-headed hydra
 19317 | Lair:4   | Reached skill level 5 in Air Magic
 19400 | Lair:4   | Noticed a six-headed hydra
 19409 | Lair:4   | Killed a six-headed hydra
 19410 | Lair:4   | Reached skill level 10 in Spellcasting
 19545 | Lair:4   | Reached skill level 14 in Dodging
 19970 | Lair:4   | Found a viscous altar of Jiyva.
 19970 | Lair:4   | Found a staircase to the Slime Pits.
 20146 | Lair:5   | Noticed a death yak
 20176 | Lair:4   | Killed a death yak
 20176 | Lair:4   | Killed a death yak
 20867 | Lair:5   | Killed a death yak
 20868 | Lair:5   | Reached skill level 15 in Dodging
 20868 | Lair:5   | Reached XP level 13. HP: 54/63 MP: 6/28
 21805 | Lair:5   | Reached skill level 16 in Dodging
 23237 | Lair:5   | Noticed a fire dragon
 23992 | Lair:5   | Noticed a dire elephant
 24056 | Lair:5   | Killed a dire elephant
 24057 | Lair:5   | Reached skill level 17 in Dodging
 24647 | Orc:1    | Entered Level 1 of the Orcish Mines
 24892 | Orc:1    | Found Itwim's Magic Scroll Boutique.
 25296 | Orc:2    | Entered Level 2 of the Orcish Mines
 25297 | Orc:2    | Noticed Saint Roka
 25302 | Orc:1    | Bought a book of the Moon for 680 gold pieces
 25307 | Orc:1    | Learned a level 4 spell: Passage of Golubria
 25508 | Orc:2    | Found Geghoixt's Vocational Training.
 25530 | Orc:2    | Found Yxkyoc's Jewellery Emporium.
 25593 | Orc:2    | Reached skill level 1 in Translocations
 25607 | Orc:2    | Noticed an orc warlord
 26123 | Orc:2    | Killed Saint Roka
 26124 | Orc:2    | Reached XP level 14. HP: 28/70 MP: 3/29
 26364 | Orc:2    | Reached skill level 5 in Translocations
 26619 | Orc:2    | Killed an orc warlord
 26757 | Orc:2    | Noticed Urug
 26827 | Orc:2    | Killed Urug
 27647 | Orc:2    | Found Rooguthu's Antique Weapon Shop.
 27690 | Orc:2    | Identified a scroll of acquirement
 27691 | Orc:2    | Acquired Pot Tauty's Parchment of Ozone
 27698 | Orc:2    | Learned a level 4 spell: Airstrike
 27702 | Orc:2    | Learned a level 3 spell: Swiftness
 27735 | Orc:2    | Found Asaxad's Jewellery Shop.
 28076 | Orc:2    | Found a staircase to the Elven Halls.
 28338 | Orc:2    | Found Foekk's Antique Armour Shop.
 28353 | Orc:2    | Found Janwoa's General Store.
 28360 | Orc:2    | Bought the ring of the Mage {Wiz Archmagi} for 918 gold
                  | pieces
 28360 | Orc:2    | Found the ring of the Mage {Wiz Archmagi}
 28418 | Orc:1    | Bought the Omnibus of Changing for 816 gold pieces
 28424 | Orc:1    | Learned a level 5 spell: Yara's Violent Unravelling
 28439 | Elf:1    | Entered Level 1 of the Elven Halls
 28933 | Spider:1 | Entered Level 1 of the Spider Nest
 29135 | Lair:3   | Reached skill level 1 in Transmutations
 29379 | Lair:3   | HP: 2/71 [jumping spider[a torpor snail] (5)]
 29648 | Lair:3   | Reached skill level 18 in Dodging
 30199 | Lair:3   | Gained mutation: Your flesh is heat resistant. (rF+)
                  | [potion of mutation]
 30199 | Lair:3   | Gained mutation: You occasionally lose the ability to read
                  | scrolls when taking damage. [potion of mutation]
 30199 | Lair:3   | Gained mutation: You do not regenerate when monsters are
                  | visible. [potion of mutation]
 30200 | Lair:3   | Lost mutation: You do not regenerate when monsters are
                  | visible. [potion of mutation]
 30200 | Lair:3   | Lost mutation: Your flesh is heat resistant. (rF+) [potion
                  | of mutation]
 30200 | Lair:3   | Gained mutation: Your mind is acute. (Int +4, Str/Dex -1)
                  | [potion of mutation]
 30200 | Lair:3   | Gained mutation: You are partially covered in large bone
                  | plates. (SH +4) [potion of mutation]
 30201 | Lair:3   | Lost mutation: You are partially covered in large bone
                  | plates. (SH +4) [potion of mutation]
 30201 | Lair:3   | Lost mutation: You occasionally lose the ability to read
                  | scrolls when taking damage. [potion of mutation]
 30201 | Lair:3   | Gained mutation: You have hidden genetic potential. [potion
                  | of mutation]
 30201 | Lair:3   | Gained mutation: Your flesh is cold resistant. (rC+)
                  | [potion of mutation]
 30201 | Lair:3   | Gained mutation: You have a somewhat thin skeletal
                  | structure. (Dex +2, Stealth+) [potion of mutation]
 30201 | Lair:3   | Gained mutation: You passively map a small area around you.
                  | [potion of mutation]
 31457 | Spider:1 | Noticed a ghost moth
 31472 | Spider:1 | Killed a ghost moth
 32076 | Lair:3   | HP: 3/72 [poisoned by a redback]
 32077 | Lair:3   | HP: 1/72 [poisoned by a redback]
 32078 | Lair:3   | Succumbed to a redback's poison
 32079 | Lair:3   | Reached XP level 13. HP: 0/67 MP: 4/28
 32317 | Orc:1    | Bought a book of Party Tricks for 272 gold pieces
 32319 | Orc:1    | Learned a level 1 spell: Apportation
 32553 | D:7      | Killed Crazy Yiuf
 32864 | D:10     | Killed Fannar
 34088 | Spider:1 | Noticed an emperor scorpion
 34298 | Shoals:1 | Entered Level 1 of the Shoals
 35725 | Shoals:1 | Acquired 1039 gold pieces
 35793 | Slime:1  | Entered Level 1 of the Pits of Slime
 35794 | Slime:1  | Noticed a rockslime
 36021 | D:12     | Reached skill level 5 in Transmutations
 36411 | D:12     | Killed Jorgrun
 36412 | D:12     | Reached XP level 14. HP: 45/72 MP: 1/29
 37623 | D:12     | Noticed Erolcha
 37643 | D:12     | Killed Erolcha
 37826 | D:12     | Reached skill level 19 in Dodging
 38235 | D:13     | Noticed Azrael
 38649 | D:13     | Killed Azrael
 38659 | D:13     | Noticed Sonja
 38662 | D:13     | Killed Sonja
 38843 | D:13     | Noticed an emperor scorpion
 38996 | Orc:2    | Bought a potion of curing for 54 gold pieces
 38996 | Orc:2    | Bought a potion of haste for 180 gold pieces
 39305 | Elf:1    | Paralysed by an air elemental for 1 turns
 39311 | Elf:1    | Paralysed by an air elemental for 1 turns
 39312 | Elf:1    | Killed from afar by a deep elf zephyrmancer
 39313 | Elf:1    | Reached XP level 13. HP: 0/68 MP: 17/28
 39326 | Elf:2    | Found Icix's Armour Boutique.
 39499 | Elf:1    | Noticed a deep elf annihilator
 39620 | Elf:1    | Killed a deep elf annihilator
 39620 | Elf:1    | Gained mutation: You passively dampen the noise of your
                  | surroundings. [hidden potential]
 39621 | Elf:1    | Reached skill level 15 in Fighting
 40753 | Lair:5   | HP: 1/69 [poisoned by a swamp dragon (poison gas)]
 41299 | D:2      | Bought the ring of Laxza {rElec Int+6} for 550 gold pieces
 41964 | Elf:1    | Paralysed by an air elemental for 1 turns
 41970 | Elf:1    | Paralysed by an air elemental for 1 turns
 42266 | Elf:1    | Got Sif Muna's Quarto of Outbursts
 42754 | Elf:1    | HP: 2/69 [anaconda simulacrum (13)]
 42754 | Elf:1    | Slain by an anaconda simulacrum

Illustrated notes

Levels and vault maps discovered:
D:1:      doesnt_arrival_eight_statues, layout_rooms, serial_forest,
          infiniplex_forest_end_2, infiniplex_forest_lined_2,
          infiniplex_forest_clump_small, infiniplex_forest_clump_double,
          infiniplex_forest_lined_2, infiniplex_forest_end_double,
          infiniplex_forest_lined_corner, minivault_27
D:2:      layout_basic, nicolae_shop_unique_rings
D:3:      layout_basic, gammafunk_temple_overflow_wave,
          dreamdust_ecumenical_altar_sealed_demon
D:4:      layout_basic, lemuel_mausoleum_altar_yredelemnul, temple_hall,
          uniq_eustachio
D:5:      layout_loops_ring, cheibrodos_sewer_entry_drain, serial_shops,
          nicolae_diamond_shop
D:6:      layout_cave_pools
D:7:      layout_loops_cross, uniq_crazy_yiuf_cottage
D:8:      layout_basic, uniq_psyche, uniq_maggie
D:9:      layout_gridville, mainiacjoe_overflow_small_starburst, erik_orc_1,
          gammafunk_ghost_arena, uniq_maurice
D:10:     layout_gridville, chequers_temple_overflow_minitemple, uniq_fannar
D:11:     cheibrodos_frozen_isle, layout_gridville,
          grunt_lair_entry_orc_guard_hut
D:12:     layout_grid_maze, minmay_fractal_squares_5, uniq_erolcha, uniq_jorgrun
D:13:     layout_rooms, uniq_azrael, uniq_sonja
Temple:   nicolae_temple_ecumenical_triangle
Lair:1:   layout_regular_city, minivault_11, minmay_lair_oklob_bushes
Lair:2:   layout_loops_ring
Lair:3:   layout_long_grid, minmay_shoals_entry_lonely_mermaid,
          hellmonk_spider_entry_life_and_decay
Lair:4:   layout_loops_ring, dpeg_slime_entry_corner
Lair:5:   guppyfry_lair_end_dragon, layout_small_grid, hangedman_lair_in_review,
          nicolae_quartered_pool_super, nicolae_lair_lindhole
Shoals:1: layout_shoals, serial_nicolae_subway, nicolae_sub_station_crystal,
          nicolae_sub_station_metal, nicolae_sub_station_stone, uniq_donald
Spider:1: layout_spider_delve, drop_trap
Spider:2: layout_spider_delve
Slime:1:  layout_caves
Orc:1:    layout_caves, serial_shops, shop, rock_pile
Orc:2:    grunt_orc_cross, layout_caves, serial_shops, nicolae_shop_crystal,
          nicolae_shop_vocational, uniq_saint_roka
Elf:1:    elf_arrival_002, layout_loops_corners,
          portal_ice_cave_entry_ice_simulacra, serial_shops, shop,
          hangedman_elf_represent, minmay_elf_annihilation, grunt_megastairs_3
Elf:2:    elven_hall_of_blades_hangedman_original
          [nicolae_blade_entry_sentries_behind_glass], layout_gridlike,
          serial_shops, nicolae_diamond_shop, st_stairs_6, lemuel_flamethrower_3

Skill      XL: |  1  2  3  4  5  6  7  8  9 10 11 12 13 14 |
---------------+-------------------------------------------+-----
Stealth        | 3 |  3.9
Dodging        | 3 4 6 7 8 11 12 13 15 17 19 | 19.0
Fighting       | 1 2 3 4 5 6 8 9 11 15 14 | 15.0
Spellcasting   | 3 4 5 6 8 9 10 | 10.0
Summonings     | 5 6 7 8 9 10 | 10.0
Hexes          | 5 9 8 |  9.8
Air Magic      | 4 6 7 |  7.0
Translocations | 4 5 |  5.0
Transmutations | 7 6 |  7.7

Action                   |  1- 3 |  4- 6 |  7- 9 | 10-12 | 13-15 || total
-------------------------+-------+-------+-------+-------+-------++-------
Melee: Unarmed           |     9 |    19 |    34 |   122 |    67 ||   251
       Bite              |     2 |     2 |     2 |    26 |    11 ||    43
       Punch             |       |       |     1 |     2 |       ||     3
 Cast: Summon Small Mamm |    37 |    11 |    33 |    36 |    45 ||   162
       Call Imp          |    14 |    13 |     8 |    10 |    24 ||    69
       Call Canine Famil |     5 |    26 |    34 |    49 |    70 ||   184
       Summon Guardian G |       |     9 |    62 |    89 |   146 ||   306
       Summon Lightning  |       |       |     9 |    72 |   138 ||   219
       Airstrike         |       |       |       |       |    89 ||    89
       Yara's Violent Un |       |       |       |       |    19 ||    19
       Swiftness         |       |       |       |       |    32 ||    32
       Passage of Golubr |       |       |       |       |    16 ||    16
       Apportation       |       |       |       |       |     6 ||     6
Invok: Potion Petition   |       |       |       |       |     2 ||     2
       Call Merchant     |       |       |       |       |     2 ||     2
Evoke: Wand              |       |       |       |    22 |    28 ||    50
       Phial of floods   |       |       |       |       |     3 ||     3
       Condenser vane    |       |       |       |       |     1 ||     1
  Use: Scroll            |       |    15 |    10 |     9 |    14 ||    48
       Potion            |       |       |     3 |     8 |    21 ||    32
 Stab: Distracted        |     1 |       |       |       |     1 ||     2
       Sleeping          |       |     1 |       |       |     1 ||     2
       Invisible         |       |       |       |       |     1 ||     1
       Paralysed         |       |       |       |       |     1 ||     1
Armor: Skin              |       |     6 |     7 |    10 |    12 ||    35
Dodge: Dodged            |    15 |    59 |   146 |   249 |   463 ||   932
